 Dungeon Crawl Stone Soup version 0.16-a0-141-g00d6247 (webtiles) character file.

877 kitkette the Covert (level 8, 0/50 HPs)
             Began as an Octopode Assassin on Aug 17, 2014.
             Shot with a bolt by a kobold (9 damage)
             ... on Level 6 of the Dungeon.
             The game lasted 00:09:34 (4952 turns).

kitkette the Covert (Octopode Assassin)             Turns: 4952, Time: 00:09:34

HP   0/50        AC  1     Str 16      XL: 8   Next:  4%
MP   7/7         EV 12     Int 13      God:
Gold 219         SH  0     Dex 15      Spells:  0 memorised,  7 levels left

rFire  . . .     SeeInvis +     s - +0 dagger (venom)
rCold  + . .     Clarity  .     (no shield)
rNeg   . . .     rCorr    +     (helmet restricted)
rPois  .         rRot     .     y - cursed amulet of resist corrosion
rElec  .         Spirit   .     k - ring of see invisible
SustAb .         Warding  .     v - ring of protection from cold
rMut   .         Stasis   .     (no ring)
Gourm  .                        (no ring)
MR     .....                    (no ring)
                                (no ring)
                                (no ring)
                                (no ring)

@: mighty, lethally poisoned, not resistant to hostile enchantments, very
stealthy
A: almost no armour, amphibious, 8 rings, constrict 8, tentacle spike 1,
camouflage 1, see invisible, low mp 1, gelatinous body 1
a: no special abilities


You were on level 6 of the Dungeon.
You were not hungry.

You visited 1 branch of the dungeon, and saw 6 of its levels.

You collected 219 gold pieces.

Inventory:

Hand weapons
 a - a +2 dagger
 b - a +0 blowgun
 h - a +2 hand axe of freezing
 o - a +4 shortbow of velocity
 s - a +0 dagger of venom (weapon)
Missiles
 e - 8 poisoned needles
 f - 2 curare-tipped needles
 n - 2 javelins (quivered)
 r - 29 arrows
 z - 13 arrows of frost
Comestibles
 g - 5 bread rations
 x - 2 chunks of jackal flesh
 A - 2 meat rations
 B - a slice of pizza
Scrolls
 c - 5 scrolls of identify
 d - 4 scrolls of blinking
 i - 2 scrolls of amnesia {unknown}
 j - a scroll of random uselessness {unknown}
 l - a scroll of remove curse {unknown}
 p - 2 scrolls of fog {unknown}
 q - 2 scrolls of teleportation {unknown}
 t - a scroll of magic mapping {unknown}
 u - a scroll of enchant weapon {unknown}
 w - a scroll of immolation {unknown}
Jewellery
 k - a ring of see invisible (left tentacle)
 v - a ring of protection from cold (right tentacle)
 y - a cursed amulet of resist corrosion (around mantle)


   Skills:
 - Level 2.0 Fighting
 * Level 6.5 Short Blades
 - Level 2.0 Throwing
 - Level 1.0 Dodging
 * Level 10.2 Stealth


You had 7 spell levels left.
You didn't know any spells.

Dungeon Overview and Level Annotations

Branches:
Dungeon (6/15)
 Temple: D:4-7

Altars:
Ashenzari
Cheibriados
Dithmenos
Vehumet
Yredelemnul
Zin

Shops:
D:4 *


Innate Abilities, Weirdness & Mutations

You cannot wear most types of armour.
You are amphibious.
You can wear up to eight rings at the same time.
You can use your tentacles to constrict many enemies at once.
Your skin changes colour to match your surroundings (Stealth).
Your rubbery body absorbs attacks (AC +1).
One of your tentacles bears a spike.
You have supernaturally acute eyesight.
Your magical capacity is low (-10% MP).


Message History

A worker ant comes into view.
You see here a bolt.
You hit the adder.
The adder is poisoned.
Your grab misses the adder. Your squeeze misses the adder.
The adder is lightly wounded.
You feel sick. The adder bites you.
You closely miss the adder. You grab the adder.
You pierce the adder, but do no damage.
The adder is moderately wounded.
You constrict the adder.
The kobold shoots a bolt.
The bolt hits you!
* * * LOW HITPOINT WARNING * * *
The adder barely misses you.
Drink which item? (? for menu, Esc to quit)
Okay, then.
Drink which item? (? for menu, Esc to quit)
You feel very mighty all of a sudden.
You constrict the adder. The adder bites you.
* * * LOW HITPOINT WARNING * * *
The kobold shoots a bolt.
The bolt hits you!
You die...

... #... ####...
....#.#### #
##.......### .#
#......#...##.#..
#........#..:..
#.._.....#..#
#......(..@.#
#######.........#SK.#
#.......)..........S....
###.....###.#####..a....
###)##### #.# #.#$...
#...# ... .##.. ...##
..... ## # <..# .....
..#### .....


You could see a water moccasin, a worker ant, an adder and a kobold.

Vanquished Creatures
  Eustachio (D:5)
  A sky beast (D:5)
  2 centaurs (D:6)
  A giant frog (D:5)
  2 scorpions (D:5)
  A goliath beetle (D:5)
  A centaur skeleton (D:5)
  2 orc priests (D:5)
  2 orc wizards (D:5)
  A worker ant (D:5)
  3 adders
  An orc zombie (D:5)
  A shadow imp (D:6)
  A goliath beetle zombie (D:6)
  2 giant geckos
  8 orcs
  2 ball pythons
  8 bats
  2 giant cockroaches (D:1)
  10 hobgoblins
  A quokka (D:2)
  6 giant newts
  8 goblins
  9 jackals
  2 jackal skeletons (D:3)
  A jackal zombie (D:5)
  9 kobolds
  A kobold skeleton (D:5)
  8 rats
97 creatures vanquished.

Notes
Turn   | Place    | Note
--------------------------------------------------------------
     0 | D:1      | kitkette, the Octopode Assassin, began the quest for the Orb.
     0 | D:1      | Reached XP level 1. HP: 14/14 MP: 1/1
    89 | D:1      | Reached XP level 2. HP: 19/19 MP: 2/2
   619 | D:2      | Reached XP level 3. HP: 24/24 MP: 3/3
   656 | D:2      | Reached skill level 6 in Stealth
  1104 | D:2      | Reached XP level 4. HP: 25/29 MP: 4/4
  1230 | D:3      | Noticed a human
  1233 | D:3      | Found a basalt altar of Yredelemnul.
  2144 | D:4      | Noticed an ogre
  2159 | D:4      | Found Zin's Purification Station.
  2162 | D:4      | Found a glowing silver altar of Zin.
  2170 | D:5      | Entered Level 5 of the Dungeon
  2170 | D:5      | Noticed a giant frog
  2433 | D:5      | Killed a giant frog
  2433 | D:5      | Reached skill level 7 in Stealth
  2433 | D:5      | Reached XP level 5. HP: 16/34 MP: 5/5
  2504 | D:5      | Noticed Eustachio
  2505 | D:5      | Found a radiant altar of Vehumet.
  2800 | D:5      | Reached XP level 6. HP: 27/39 MP: 6/6
  2924 | D:5      | Reached skill level 8 in Stealth
  3225 | D:5      | Reached skill level 5 in Short Blades
  3244 | D:5      | Reached XP level 7. HP: 19/45 MP: 7/7
  3568 | D:6      | Gained mutation: Your magical capacity is low (-10% MP). [potion of mutation]
  3568 | D:6      | Gained mutation: You have supernaturally acute eyesight. [potion of mutation]
  3568 | D:6      | Gained mutation: One of your tentacles bears a spike. [potion of mutation]
  3847 | D:6      | Reached skill level 9 in Stealth
  4090 | D:6      | Found a shadowy altar of Dithmenos.
  4106 | D:5      | Killed Eustachio
  4819 | D:5      | Reached skill level 10 in Stealth
  4824 | D:5      | Found a snail-covered altar of Cheibriados.
  4932 | D:6      | Reached XP level 8. HP: 42/50 MP: 7/7
  4934 | D:6      | Found a shattered altar of Ashenzari.
  4952 | D:6      | Shot with a bolt by a kobold

Action                   |  1- 3 |  4- 6 |  7- 9 || total
-------------------------+-------+-------+-------++-------
Melee: Dagger            |    63 |   112 |    76 ||   251
  Use: Potion            |       |     2 |     6 ||     8
       Scroll            |       |       |     1 ||     1
 Stab: Sleeping          |    13 |     7 |     3 ||    23
       Distracted        |     1 |       |     1 ||     2
  Eat: Chunk             |       |     5 |     6 ||    11
       Beef jerky        |       |     1 |       ||     1
